 Dungeon Crawl Stone Soup version 0.28-a0-723-g095bd1b44f (webtiles) character file.

Game seed: 15333517313816018925

165 jasper the Insei (level 5, -3/37 HPs)
             Began as a Demonspawn Transmuter on Oct 26, 2021.
             Slain by a gnoll (6 damage)
             ... on level 4 of the Dungeon.
             The game lasted 00:04:53 (4687 turns).

jasper the Insei (Demonspawn Transmuter)            Turns: 4687, Time: 00:04:55

Health: -3/37      AC:  4    Str: 10    XL:     5   Next: 22%
Magic:  8/8        EV: 12    Int: 18    God:
Gold:   118        SH:  0    Dex: 13    Spells: 7/8 levels left

rFire   . . .      SeeInvis .   c - +3 dagger (venom)
rCold   . . .      Faith    .   (no shield)
rNeg    . . .      Spirit   .   a - +0 robe
rPois   .          Reflect  .   g - +2 hat
rElec   .          Harm     .   (no cloak)
rCorr   .          Rampage  .   (no gloves)
Will    .....                   (no boots)
Stlth   +.........              (no amulet)
HPRegen 0.12/turn               (no ring)
MPRegen 0.11/turn               (no ring)

@: confused, mighty, brilliant, lethally poisoned (-3 -> -17), ambrosia-drunk
A: antennae 2, big brain 1
a: no special abilities


You were on level 4 of the Dungeon.
You visited 1 branch of the dungeon, and saw 4 of its levels.

You collected 118 gold pieces.

Inventory:

Hand Weapons
 c - a +3 dagger of venom (weapon)
Missiles
 h - 25 stones
Armour
 a - a +0 robe (worn)
 g - a +2 hat (worn)
Wands
 l - a wand of polymorph (7)
Scrolls
 d - 4 scrolls of magic mapping
 k - a scroll of silence
Potions
 b - 2 potions of degeneration
 e - a potion of resistance
 f - 2 potions of attraction


   Skills:
 + Level 1.2 Fighting
 + Level 0.2 Armour
 + Level 2.0 Dodging
 * Level 5.2 Unarmed Combat
 - Level 2.0 Spellcasting
 - Level 1.7 Transmutations


You had 7 spell levels left.
You knew the following spells:

 Your Spells              Type           Power      Damage    Failure   Level
a - Beastly Appendage     Tmut           24%        N/A       9%          1

Your spell library contained the following spells:

 Spells                   Type           Power      Damage    Failure   Level
 Wereblood                Tmut           12%        N/A       13%         2
 Summon Small Mammal      Summ           8%         N/A       19%         1
 Spider Form              Tmut/Pois      3%         N/A       36%         3
 Call Canine Familiar     Summ           2%         N/A       47%         3
 Summon Guardian Golem    Hex/Summ       2%         N/A       47%         3
 Ice Form                 Ice/Tmut       7%         N/A       77%         4


Dungeon Overview and Level Annotations

Branches:
Dungeon (4/15)
 Temple: D:4-7

Altars:


Innate Abilities, Weirdness & Mutations

You have a pair of antennae on your head.
You have an unusually large brain. (Int +2)


Message History

You hit the water moccasin but do no damage.
The water moccasin bites you.
You are poisoned.
The water moccasin poisons you! The gnoll barely misses you.
The gnoll hits you from afar with a +0 spear.
The water moccasin bites you! The gnoll barely misses you.
You take 9 damage, and have 21/37 hp.
MASSIVE DAMAGE!!
You feel very sick.
The gnoll hits you from afar with a +0 spear.
The gnoll barely misses you. The water moccasin closely misses you.
The gnoll hits you from afar with a +0 spear.
* * * LOW HITPOINT WARNING * * *
You take 10 damage, and have 11/37 hp.
MASSIVE DAMAGE!!
It was a potion of brilliance.
You feel clever all of a sudden.
You feel sick.
The gnoll hits you from afar with a +0 spear.
* * * LOW HITPOINT WARNING * * *
The water moccasin barely misses you. The gnoll closely misses you.
The gnoll hits you from afar with a +0 spear.
* * * LOW HITPOINT WARNING * * *
You take 8 damage, and have 3/37 hp.
MASSIVE DAMAGE!!
It was a potion of might.
You feel very mighty all of a sudden.
* * * LOW HITPOINT WARNING * * *
You feel sick. The water moccasin bites you.
* * * LOW HITPOINT WARNING * * *
You are more poisoned.
The water moccasin poisons you! The quokka misses you.
The gnoll closely misses you. The gnoll hits you but does no damage.
The adder barely misses you.
The water moccasin bites you but does no damage.
The gnoll misses you. The quokka barely misses you.
You are too confused!
Unknown command.
You bump into the rock wall.
* * * LOW HITPOINT WARNING * * *
You feel very sick.
The gnoll hits you from afar with a +0 spear.
You die...

##...........##.
.#...............
.......<.........
...............#.
................#
..............#.#
........ggg...# .
........S)...###.
..#....#@..$.....
.##..#.#rS.......
..####.........
.. #..!.....#
.........#
........$##
.........#
...........


You could see a water moccasin, 3 gnolls, an adder and a quokka.

Vanquished Creatures
  Jessica (D:2)
  4 gnolls
  3 adders
  A worm (D:2)
  2 dart slugs
  An orc (D:3)
  5 ball pythons
  4 bats
  4 endoplasms
  3 giant cockroaches
  9 goblins
  5 hobgoblins
  6 quokkas
  2 frilled lizards
  8 kobolds
  9 rats
67 creatures vanquished.

Notes
Turn   | Place    | Note
-------+----------+-------------------------------------------
     0 | D:1      | jasper the Demonspawn Transmuter began the quest for the
                  | Orb.
     0 | D:1      | Reached XP level 1. HP: 15/15 MP: 3/3
   218 | D:1      | Reached skill level 3 in Unarmed Combat
   323 | D:1      | Lost mutation: You have a pair of horns on your head.
                  | [demonic ancestry]
   323 | D:1      | Lost mutation: You have a pair of small horns on your head.
                  | [demonic ancestry]
   323 | D:1      | Gained mutation: You have a pair of small antennae on your
                  | head. [demonic ancestry]
   323 | D:1      | Reached XP level 2. HP: 21/21 MP: 3/5
  1246 | D:1      | Gained mutation: You have a pair of antennae on your head.
                  | [demonic ancestry]
  1246 | D:1      | Reached XP level 3. HP: 4/26 MP: 4/6
  2030 | D:2      | Reached skill level 4 in Unarmed Combat
  2299 | D:2      | Noticed Jessica
  2307 | D:2      | Killed Jessica
  2390 | D:2      | Reached XP level 4. HP: 15/26 MP: 5/7
  3543 | D:3      | Reached skill level 5 in Unarmed Combat
  4373 | D:3      | Gained mutation: You have an unusually large brain. (Int
                  | +2) [demonic ancestry]
  4373 | D:3      | Reached XP level 5. HP: 37/37 MP: 8/8
  4678 | D:4      | Noticed a water moccasin
  4687 | D:4      | Slain by a gnoll

Illustrated notes

Levels and vault maps discovered:
D:1:      nzn_arrival_water_spiral, layout_basic,
          shapermc_ecumenical_altar_petra
D:2:      layout_loops_cross, kennysheep_generic_room_7, uniq_jessica
D:3:      layout_loops_ring, serial_aquarium, aquarium_bridge_square
          [aquarium_subvault_wall, aquarium_subvault_bridge,
          aquarium_subvault_bridge, aquarium_subvault_balcony],
          aquarium_window_1, aquarium_window_1, aquarium_view_2d,
          gup_sewer_entry_pipe
D:4:      layout_cave_pools, kiku_gazebo_garden_becter

Skill      XL: |  1  2  3  4  5 |
---------------+----------------+-----
Unarmed Combat | 3 4 5 |  5.2
Dodging        | 2 |  2.0
Fighting       | |  1.2
Armour         | |  0.2
Spellcasting   | |  2.0
Transmutations | |  1.7

Action                   |  1- 3 |  4- 6 || total
-------------------------+-------+-------++-------
Melee: Unarmed           |    94 |       ||    94
       Headbutt          |     5 |       ||     5
       Kick              |    14 |       ||    14
       Punch             |     1 |     1 ||     2
       Dagger            |     2 |    99 ||   101
 Cast: Beastly Appendage |    18 |     1 ||    19
  Use: Scroll            |     3 |     6 ||     9
       Potion            |     1 |     3 ||     4
 Stab: Sleeping          |       |     2 ||     2
Armor: Robe              |    24 |    25 ||    49
       Skin              |     1 |       ||     1
Dodge: Dodged            |    60 |    72 ||   132

Table legend: (Time is in decaauts)
 A = Elapsed time spent in this place.
 B = Non-inter-level travel time spent in this place.
 C = Inter-level travel time spent in this place.
 D = Time resting spent in this place.
 E = Time spent auto-exploring this place.
 F = Levels seen in this place.
 G = Mean time per level.
                   A        B        C        D        E       F      G
               +--------+--------+--------+--------+--------+-----+--------+
         Total |   4692 |   4556 |    136 |   1248 |   2691 |   4 | 1173.0 |
       Dungeon |   4692 |   4556 |    136 |   1248 |   2691 |   4 | 1173.0 |
               +--------+--------+--------+--------+--------+-----+--------+

Top non-repeatable levels by time:
     D:2: 1904 daAuts
     D:1: 1601 daAuts
     D:3: 1164 daAuts
     D:4: 21 daAuts
